 Dungeon Crawl Stone Soup version 0.31-a0-152-g6aa68a64a1 (webtiles) character file.

Game seed: 18081004272763484292

10994 porpoise the Covert (level 11, -4/98 HPs)
             Began as an Armataur Artificer on June 10, 2023.
             Was a High Priest of Okawaru.
             Killed from afar by a wretched star (19 damage)
             ... with a lance of force
             ... on level 2 of the Abyss.
             The game lasted 00:39:56 (10855 turns).

porpoise the Covert (Armataur Artificer)           Turns: 10855, Time: 00:39:56

Health: -4/98      AC: 14    Str: 19    XL:     11   Next: 43%
Magic:  15/15      EV: 10    Int:  8    God:    Okawaru [*****.]
Gold:   426        SH:  0    Dex:  9    Spells: 10/10 levels left

rFire   x x .        b - +0 quarterstaff
rCold   x x .        (shield currently unavailable)
rNeg    . . .        l - +0 ring mail
rPois   .            p - +1 helmet
rElec   .            F - +0 cloak
rCorr   .            (no gloves)
SInv    .            (no barding)
Will    .....        H - amulet of regeneration
Stlth   +++          g - +4 ring of protection
HPRegen 0.00/turn    k - +4 ring of slaying
MPRegen 0.14/turn

%: roll
@: sick, inhibited regen
A: large, rugged brown scales 3, deformed body, armoured tail, roll, long
tongue, awkward tongue, [clumsy 2], [dopey 2], [screaming 2], [inhibited
regeneration], [cold vulnerability 2], [heat vulnerability 2]
a: Renounce Religion, Heroism, Finesse, Duel


You were on level 2 of the Abyss.
You worshipped Okawaru.
Okawaru was extremely pleased with you.
You visited 2 branches of the dungeon, and saw 11 of its levels.
You visited the Abyss 1 time.
You also visited: Sewer and Bailey.

You collected 660 gold pieces.
You spent 234 gold pieces at shops.

Inventory:

Hand Weapons
 a - a +3 whip of draining
 b - a +0 quarterstaff (weapon)
 n - a +0 short sword
 K - the +4 long sword "Egonupih" {protect, Fly rPois rN+}
   (You found it on level 6 of the Dungeon)

   rPois:     It protects you from poison.
   rN:        It protects you from negative energy.
   Fly:       It grants you flight.
Missiles
 i - 2 javelins
 m - 3 throwing nets
 v - 45 poisoned darts
 w - 7 curare-tipped darts
 M - 3 boomerangs of dispersal
 R - 2 boomerangs
Armour
 l - a +0 ring mail (worn)
 p - a +1 helmet (worn)
 F - a +0 cloak (worn)
Magical Staves
 I - a staff of air
Jewellery
 f - a +6 ring of intelligence
 g - a +4 ring of protection (left hand)
 k - a +4 ring of slaying (right hand)
 H - an amulet of regeneration (around neck)
Wands
 c - a wand of flame (11) (quivered)
 d - a wand of charming (14)
 e - a wand of iceblast (3)
 y - a wand of paralysis (17)
 J - a wand of polymorph (4)
Scrolls
 j - 3 scrolls of magic mapping
 s - 3 scrolls of amnesia
 A - a scroll of fear
 D - a scroll of enchant weapon {unknown}
 E - 3 scrolls of enchant armour
 G - 3 scrolls of teleportation
 L - a scroll of blinking {unknown}
 O - a scroll of noise
 P - a scroll of immolation {unknown}
 S - a scroll of fog
Potions
 h - 3 potions of curing
 o - 2 potions of invisibility
 q - 3 potions of lignification
 t - a potion of might {unknown}
 u - a potion of cancellation {unknown}
 x - 2 potions of attraction
 z - 5 potions of brilliance
 B - 2 potions of resistance {unknown}
 C - 7 potions of haste
 N - 2 potions of mutation {unknown}
Miscellaneous
 Q - a lightning rod (4/4)


   Skills:
 + Level 7.6 Fighting
 * Level 7.3 Staves
 - Level 7.0 Armour
 - Level 5.0 Dodging
 - Level 9.0 Stealth
 + Level 5.5 Invocations
 - Level 7.0 Evocations


You had 10 spell levels left.
You didn't know any spells.
Your spell library contained the following spells:

 Spells                   Type           Power      Damage    Failure   Level
 Portal Projectile        Hex/Tloc       0%         N/A       91%         3
 Blade Hands              Tmut           0%         N/A       100%        5
 Tukima's Dance           Hex            Unusable   N/A       N/A         3

Dungeon Overview and Level Annotations

Branches:
Dungeon (10/15)            Temple (1/1) D:6            Lair (0/5) D:8
  Sewer (visited)          Bailey (visited)
    Orc: D:9-12

Altars:
Ashenzari
Cheibriados
Dithmenos
Elyvilon
Fedhas
Gozag
Hepliaklqana
Makhleb
Nemelex Xobeh
Okawaru
Qazlal
Ru
Sif Muna
Trog
Uskayaw
Vehumet
Wu Jian
Xom
Yredelemnul
Zin
The Shining One

Shops:
D:6 ?[?!

Annotations:
D:4 1 runed translucent door, SecretSquirrel's ghost, amateur DjHu
D:10 Erolcha


Innate Abilities, Weirdness & Mutations

You are completely covered in rugged brown scales. (AC +3, +7% HP)
Armour fits poorly on your strangely shaped body.
You have a long armoured tail.
You roll when moving toward enemies. (Rampage)
Your long tongue fully drains potion bottles. (2x potion effects)
Your tongue gives you trouble enunciating. (1.5x scroll delay)
[You are very clumsy. (Dex -4)]
[You are very dopey. (Int -4)]
[You frequently scream uncontrollably at your foes.]
[You do not regenerate when monsters are visible.]
[You are very vulnerable to cold. (rC--)]
[You are very vulnerable to heat. (rF--)]


Message History

Your regeneration stops near monsters.
You hit the wretched star but do no damage.
The wretched star is lightly damaged.
The wretched star glows turbulently.
The lance of force hits you!
You are knocked back by the lance of force.
You slam into the rock wall!
You roll towards the wretched star!
The wretched star pulses with an eldritch light!
You feel vulnerable to heat. x2; You feel the urge to shout.
You feel a strong urge to scream.
You hit the wretched star but do no damage.
The wretched star is lightly damaged.
You closely miss the wretched star.
The wretched star is lightly damaged.
You hit the wretched star but do no damage.
The wretched star is lightly damaged.
You barely miss the wretched star.
The wretched star is lightly damaged.
You hit the wretched star but do no damage.
You tail-slap the wretched star, but do no damage.
The wretched star is lightly damaged.
The wretched star glows turbulently.
The lance of force hits you!
* * * LOW HITPOINT WARNING * * *
You are knocked back by the lance of force.
You slam into the rock wall!
* * * LOW HITPOINT WARNING * * *
You roll towards the wretched star!
The wretched star glows turbulently.
The lance of force misses you.
You sock the wretched star!
The wretched star is lightly damaged.
The wretched star pulses with an eldritch light!
You feel clumsy. x2; You feel vulnerable to cold. x2
You sock the wretched star!
The wretched star is moderately damaged.
The wretched star glows turbulently.
The lance of force hits you!!
You die...

# ## ..# #.#
#.. #..
...#..
#..#.#### #
#..##.#.#
......#..#
.##.###.#..#
#......#@.##
#.*...#
#.###.# ..#
## ...
..##.. .# ..
#.


You could see a wretched star.

Vanquished Creatures
  A two-headed ogre (D:9)
  A smoke demon (Abyss:2)
  A gargoyle (D:6)
  2 ancient zymes (Abyss:2)
  Grinder (D:3)
  A small abomination (Abyss:2)
  A basilisk (D:8)
  4 wyverns
  A vampire (D:9)
  26 yaks
  A steam dragon (D:7)
  5 water moccasins
  2 orc warriors
  2 ice beasts (D:6)
  A black bear (D:6)
  2 sky beasts
  A centaur (D:9)
  3 ogres
  5 kobold brigands
  2 bullfrogs (D:6)
  A gnoll sergeant (D:7)
  5 scorpions
  8 wights
  6 killer bees (D:9)
  5 howler monkeys
  5 orc priests
  A hound (D:6)
  4 jellies
  3 sleepcaps
  A gnoll bouda (D:6)
  5 iguanas
  4 orc wizards
  21 gnolls
  7 adders
  6 river rats (Sewer)
  A shadow imp (D:6)
  A white imp (D:7)
  2 worms (D:4)
  4 dart slugs
  36 orcs
  3 endoplasms
  5 giant cockroaches
  13 goblins
  10 hobgoblins
  3 jackals (D:5)
  4 quokkas
  16 ball pythons
  4 bats
  8 frilled lizards
  31 kobolds
  23 rats
309 creatures vanquished.

Vanquished Creatures (others)
  A goblin (D:1)
1 creature vanquished.

Grand Total: 310 creatures vanquished

Notes
Turn   | Place    | Note
-------+----------+-------------------------------------------
     0 | D:1      | porpoise the Armataur Artificer began the quest for the
                  | Orb.
     0 | D:1      | Reached XP level 1. HP: 16/16 MP: 1/1
   127 | D:1      | Reached skill level 1 in Fighting
   270 | D:1      | Reached XP level 2. HP: 8/24 MP: 2/2
   519 | D:1      | Reached skill level 2 in Stealth
   801 | D:1      | Reached XP level 3. HP: 28/31 MP: 3/3
   954 | D:1      | You fall into a shaft and drop 1 floor!
  1046 | D:2      | Found a faded altar of an unknown god.
  1982 | D:3      | Noticed a scorpion
  1987 | D:3      | Killed a scorpion
  1988 | D:3      | Reached skill level 3 in Stealth
  1988 | D:3      | Reached XP level 4. HP: 39/39 MP: 4/4
  2592 | D:3      | Reached XP level 5. HP: 42/42 MP: 5/5
  2908 | D:3      | Noticed Grinder
  2916 | D:3      | Paralysed by Grinder for 5 turns
  2933 | D:3      | Killed Grinder
  2934 | D:3      | Reached skill level 4 in Stealth
  2934 | D:3      | Reached XP level 6. HP: 17/54 MP: 6/6
  3232 | D:4      | Reached skill level 5 in Stealth
  3232 | D:4      | Reached skill level 5 in Evocations
  3326 | D:4      | Reached XP level 7. HP: 57/62 MP: 7/7
  3416 | D:4      | Found a glowing drain.
  3420 | Sewer    | Entered a sewer
  3682 | Sewer    | Reached skill level 6 in Stealth
  3939 | D:4      | Found a runed translucent door.
  4119 | D:4      | Reached XP level 8. HP: 58/71 MP: 8/8
  4290 | D:4      | Reached skill level 5 in Fighting
  4498 | D:4      | Reached skill level 7 in Stealth
  5157 | D:4      | Noticed SecretSquirrel's ghost (amateur DjHu)
  5173 | D:5      | Entered Level 5 of the Dungeon
  6253 | D:6      | Found Katoech's Distillery.
  6268 | D:6      | Bought a potion of degeneration for 14 gold pieces
  6268 | D:6      | Bought a potion of heal wounds for 70 gold pieces
  6268 | D:6      | Bought a potion of curing for 42 gold pieces
  6319 | D:6      | Found a staircase to the Ecumenical Temple.
  6330 | D:6      | Reached skill level 1 in Dodging
  6398 | Temple   | Entered the Ecumenical Temple
  6677 | Temple   | Became a worshipper of Warmaster Okawaru
  6709 | D:6      | Found Veykel's Magic Scroll Shop.
  6718 | D:6      | Bought a scroll of fear for 56 gold pieces
  6731 | D:6      | Found Ciaziq's Armour Shoppe.
  6756 | D:6      | Reached skill level 8 in Stealth
  6843 | D:6      | Found a blossoming altar of Fedhas.
  6845 | D:6      | Found a sparkling altar of Nemelex Xobeh.
  6847 | D:6      | Found a white marble altar of Elyvilon.
  6880 | D:6      | Found a stormy altar of Qazlal.
  6908 | D:6      | Reached XP level 9. HP: 80/80 MP: 9/9
  6999 | D:6      | Identified the +4 long sword "Egonupih" {protect, Fly rPois
                  | rN+}
  7140 | D:6      | Found Mihoem's Magic Scroll Shop.
  7145 | D:6      | Bought a scroll of identify for 26 gold pieces
  7145 | D:6      | Bought a scroll of identify for 26 gold pieces
  7226 | D:6      | Reached * piety under Okawaru
  7342 | D:6      | Noticed a gargoyle
  7372 | D:6      | Killed a gargoyle
  7373 | D:6      | Reached skill level 9 in Stealth
  7558 | D:7      | Reached skill level 1 in Staves
  7695 | D:7      | Reached ** piety under Okawaru
  7800 | D:7      | Found a flagged portal.
  7844 | Bailey   | Entered a bailey
  8409 | D:8      | Found a basalt altar of Yredelemnul.
  8436 | D:8      | Found a hazy altar of Hepliaklqana.
  8502 | D:8      | Reached XP level 10. HP: 91/92 MP: 10/10
  8582 | D:8      | Reached skill level 5 in Armour
  8597 | D:8      | Reached *** piety under Okawaru
  8750 | D:8      | Reached skill level 5 in Dodging
  8758 | D:8      | Reached skill level 1 in Invocations
  8807 | D:8      | Reached skill level 5 in Staves
  8861 | D:8      | Found a staircase to the Lair.
  8880 | D:8      | Reached **** piety under Okawaru
  9065 | D:8      | Reached XP level 11. HP: 98/98 MP: 14/14
  9419 | D:9      | Noticed a two-headed ogre
  9434 | D:9      | Killed a two-headed ogre
  9829 | D:9      | Reached skill level 5 in Invocations
 10332 | D:9      | Found a snail-covered altar of Cheibriados.
 10594 | D:10     | Entered Level 10 of the Dungeon
 10646 | D:10     | Noticed Erolcha
 10653 | Abyss:2  | Found a corrupted altar of Lugonu.
 10653 | Abyss:2  | Cast into level 2 of the Abyss (Erolcha)
 10731 | Abyss:2  | Found a candlelit altar of Ignis.
 10814 | Abyss:2  | Noticed a spatial maelstrom
 10823 | Abyss:2  | Found a candlelit altar of Ignis.
 10836 | Abyss:2  | Noticed a wretched star
 10842 | Abyss:2  | Reached ***** piety under Okawaru
 10855 | Abyss:2  | Killed from afar by a wretched star

Illustrated notes

Levels and vault maps discovered:
D:1:      lightli_arrival_noodles, layout_basic, minmay_misc_feat_doors,
          minmay_rat_gold_closets
D:2:      layout_basic, dreamdust_ecumenical_altar_statues, minmay_mini_jars
D:3:      layout_loops_corners, kennysheep_generic_room_2, uniq_grinder
D:4:      minmay_opposing_rooms, layout_rooms, ebering_ghost_reflecting_pool,
          gup_sewer_entry_bowl, serial_co_window_serial, co_window_paths_a,
          co_window_cross_1, co_window_of_opportunity_a, co_window_corner_a,
          co_window_of_opportunity_a, co_window_corner_a, co_window_paths_a,
          co_window_broadway_a, co_window_corner_b, co_window_broadway_b,
          co_window_corner_b, co_window_paths_c, co_window_2corner,
          glass_columns_a, glass_columns_c
D:5:      layout_basic
D:6:      minmay_chambers_of_fours, layout_cave_pods,
          mainiacjoe_overflow_concentric_impassable, grunt_temple_overflow_open,
          minmay_temple_entry_drinking_statues, serial_shops, shop_fountains,
          shop, shop, kennysheep_little_box, nicolae_nh_ransacked_shop
D:7:      layout_basic, enter_bailey_5
D:8:      layout_basic, mainiacjoe_overflow_two_lobes, minmay_lair_entry_grove,
          minmay_misc_feat_square, grunt_ministairs_13
D:9:      layout_basic, nicolae_overflow_hidden_temple
D:10:     layout_cave_pools, kiku_gazebo_pond_becter,
          kennysheep_generic_room_14, uniq_erolcha
Temple:   minmay_temple_curvy_branch
Abyss:2:  base:
D:3

Skill      XL: |  1  2  3  4  5  6  7  8  9 10 11 |
---------------+----------------------------------+-----
Fighting       | 1 2 3 4 6 7 |  7.6
Stealth        | 2 3 4 5 6 8 9 |  9.0
Evocations     | 4 5 6 7 |  7.0
Dodging        | 1 4 5 |  5.0
Staves         | 2 5 7 |  7.3
Armour         | 4 7 |  7.0
Invocations    | 4 5 |  5.5

Action                     |  1- 3 |  4- 6 |  7- 9 | 10-12 || total
---------------------------+-------+-------+-------+-------++-------
  Melee: Club              |    82 |       |       |       ||    82
         Tailslap          |    15 |    10 |    58 |    87 ||   170
         Punch             |     3 |       |       |       ||     3
         Short sword       |    68 |       |       |       ||    68
         Quarterstaff      |    11 |    40 |   400 |   373 ||   824
         Whip              |       |    22 |       |       ||    22
 Invoke: Heroism           |       |       |       |     6 ||     6
  Evoke: Wand              |     6 |       |     2 |       ||     8
    Use: Scroll            |       |     6 |     7 |     2 ||    15
         Potion            |       |       |     6 |     3 ||     9
   Stab: Sleeping          |     9 |     6 |    32 |     2 ||    49
         Distracted        |       |       |     2 |     1 ||     3
         Paralysed         |       |       |     2 |       ||     2
 Armour: Leather armour    |    47 |       |       |       ||    47
         Ring mail         |    25 |    30 |   207 |   213 ||   475
  Dodge: Dodged            |    65 |    30 |   198 |   178 ||   471

Table legend: (Time is in decaauts)
 A = Elapsed time spent in this place.
 B = Non-inter-level travel time spent in this place.
 C = Inter-level travel time spent in this place.
 D = Time resting spent in this place.
 E = Time spent auto-exploring this place.
 F = Levels seen in this place.
 G = Mean time per level.
                   A        B        C        D        E       F      G
               +--------+--------+--------+--------+--------+-----+--------+
         Total |  10988 |  10689 |    299 |   1945 |   5857 |  14 |  784.9 |
       Dungeon |   9703 |   9460 |    243 |   1757 |   5476 |  10 |  970.3 |
        Temple |    303 |    248 |     55 |      0 |    246 |   1 |  303.0 |
         Abyss |    200 |    200 |      0 |      0 |    134 |   1 |  200.0 |
         Sewer |    446 |    446 |      0 |    135 |      1 |   1 |  446.0 |
        Bailey |    335 |    335 |      0 |     53 |      0 |   1 |  335.0 |
               +--------+--------+--------+--------+--------+-----+--------+

Top non-repeatable levels by time:
     D:4: 1578 daAuts
     D:9: 1213 daAuts
     D:3: 1206 daAuts
     D:5: 1093 daAuts
     D:8: 1079 daAuts
     D:2: 1030 daAuts
     D:6: 990 daAuts
     D:1: 977 daAuts
     D:7: 474 daAuts
   Sewer: 446 daAuts
  Bailey: 335 daAuts
  Temple: 303 daAuts
 Abyss:2: 200 daAuts
    D:10: 57 daAuts
